 Dungeon Crawl Stone Soup version 0.28.0-1-gb440e238dd (webtiles) character file.

Game seed: 6681493636195607488

61 smarlow the Conjurer (level 3, -2/19 HPs)
             Began as a Deep Elf Conjurer on Feb 24, 2022.
             Killed from afar by a white imp (9 damage)
             ... with a puff of frost
             ... on level 3 of the Dungeon.
             The game lasted 00:02:32 (2659 turns).

smarlow the Conjurer (Deep Elf Conjurer)            Turns: 2659, Time: 00:02:33

Health: -2/19      AC:  2    Str:  4    XL:     3   Next: 83%
Magic:  7/10       EV: 13    Int: 30    God:
Gold:   56         SH:  0    Dex: 13    Spells: 6/9 levels left

rFire   . . .      SeeInvis .   (no weapon)
rCold   . . .      Faith    .   (no shield)
rNeg    . . .      Spirit   .   a - +0 robe
rPois   .          Reflect  .   (no helmet)
rElec   .          Harm     .   (no cloak)
rCorr   .          Rampage  .   (no gloves)
Will    .....                   (no boots)
Stlth   ++........              (no amulet)
HPRegen 0.06/turn               c - +6 ring of intelligence
MPRegen 0.12/turn               (no ring)

@: no status effects
A: no striking features
a: no special abilities


You were on level 3 of the Dungeon.
You visited 1 branch of the dungeon, and saw 3 of its levels.

You collected 56 gold pieces.

Inventory:

Armour
 a - a +0 robe (worn)
Jewellery
 c - a +6 ring of intelligence (left hand)
 h - a +6 ring of intelligence
Scrolls
 e - a scroll of enchant weapon
 f - a scroll of teleportation {unknown}
Potions
 b - 2 potions of degeneration {unknown}
 d - a potion of resistance


   Skills:
 - Level 3.1 Dodging
 + Level 3.3 Stealth
 + Level 3.8 Spellcasting
 * Level 5.0 Conjurations


You had 6 spell levels left.
You knew the following spells:

 Your Spells              Type           Power      Damage    Failure   Level
a - Magic Dart            Conj           100%       1d8       1%          1
b - Searing Ray           Conj           70%        2d7       1%          2

Your spell library contained the following spells:

 Spells                   Type           Power      Damage    Failure   Level
 Dazzling Flash           Conj/Hex       40%        N/A       7%          3
 Fulminant Prism          Conj/Hex       10%        3d9       24%         4
 Iskenderun's Mystic Bla  Conj/Tloc      20%        2d6       24%         4


Dungeon Overview and Level Annotations

Branches:
Dungeon (3/15)

Altars:


Message History

Found 20 arrows.
You see here 20 arrows.
A hobgoblin and a ball python come into view.
The magic dart hits the ball python.
You kill the ball python!
The magic dart hits the hobgoblin.
The hobgoblin is heavily wounded.
The magic dart hits the hobgoblin but does no damage.
The hobgoblin is heavily wounded.
The magic dart hits the hobgoblin!
You kill the hobgoblin!
You see here a ball python corpse.
Found 3 poisoned darts.
There is a stone staircase leading up here.
You see here a +0 leather armour.
You see here a +0 leather armour.
You see here a +0 short sword.
Found a stone staircase leading down.
There is a stone staircase leading down here.
Done exploring.
Done exploring.
There is a stone staircase leading down here.
You climb downwards.
Found 21 gold pieces and a ring mail.
There is a stone staircase leading up here.
The magic dart hits the white imp.
The white imp is heavily wounded.
The white imp hits you. The white imp freezes you.
The magic dart hits the white imp.
The white imp is almost dead.
The white imp hits you. The white imp freezes you.
You are too injured to fight recklessly!
Aiming: Magic Dart (safe; 1% risk of failure)
Press: ? - help, Q - select action, (/) - cycle Shift-Dir - straight line, f/p - white imp
Aim: a white imp (almost dead, 100% to hit)
The magic dart hits the white imp but does no damage.
The white imp is almost dead.
The white imp gestures at you. The puff of frost hits you!
You die...

## ##.
#####..###
.........####.#
.............
......5...#
.......@.#
.$.......#
.........#
.....[...#
$........#
..s......#
##########


You could see a scorpion (asleep) and a white imp.

Vanquished Creatures
  2 adders (D:2)
  2 worms (D:2)
  A dart slug (D:2)
  2 bats
  3 endoplasms (D:1)
  2 hobgoblins (D:2)
  2 jackals (D:2)
  4 quokkas (D:1)
  5 ball pythons
  3 frilled lizards (D:1)
  4 goblins
  2 kobolds (D:1)
  3 rats (D:1)
35 creatures vanquished.

Notes
Turn   | Place    | Note
-------+----------+-------------------------------------------
     0 | D:1      | smarlow the Deep Elf Conjurer began the quest for the Orb.
     0 | D:1      | Reached XP level 1. HP: 10/10 MP: 6/6
   349 | D:1      | Reached XP level 2. HP: 15/15 MP: 6/8
   385 | D:1      | Learned a level 2 spell: Searing Ray
  1451 | D:2      | Reached XP level 3. HP: 3/19 MP: 5/10
  2234 | D:2      | Reached skill level 5 in Conjurations
  2656 | D:3      | Noticed a scorpion
  2659 | D:3      | Killed from afar by a white imp

Illustrated notes

Levels and vault maps discovered:
D:1:      heliophobic_arrival_battle_scene, layout_basic, minmay_pentomino_r2
D:2:      mumra_celtic_spiral_tile, layout_loops_ring, minmay_circle_x
D:3:      layout_rooms, nicolae_ecumenical_snake_handling

Skill      XL: |  1  2  3 |
---------------+----------+-----
Stealth        | 3 |  3.3
Dodging        | 3 |  3.1
Conjurations   | 5 |  5.0
Spellcasting   | |  3.8

Action                   || total
-------------------------++-------
 Cast: Magic Dart        ||    68
       Searing Ray       ||     2
  Use: Scroll            ||     2
       Potion            ||     1
Armor: Robe              ||     1
Dodge: Dodged            ||     1
